 Dungeon Crawl Stone Soup version 0.29.1-12-g30fa7ad0bf (webtiles) character file.

Game seed: 6188161213560430187

541579 Lutefisk the Crack Shot (level 26, -1/161 (174) HPs)
             Began as a Formicid Arcane Marksman on Dec 23, 2022.
             Was the Champion of Hepliaklqana.
             Killed from afar by a shadow dragon (58 damage)
             ... with a bolt of negative energy
             ... on level 1 of the Realm of Zot.
             The game lasted 04:26:12 (31517 turns).

Lutefisk the Crack Shot (Formicid Arcane Marksman) Turns: 31517, Time: 04:26:12

HP:   -1/161 (174)  AC: 24    Str: 23    XL:     26   Next: 18%
MP:   7/29          EV: 29    Int: 20    God:    Hepliaklqana [******]
Gold: 2557          SH: 40    Dex: 32    Spells: 18/33 levels left

rFire   + + .      SeeInvis +   h - +6 arbalest "Damnation" {damnation}
rCold   + . .      Faith    .   T - +8 tower shield {AC+3}
rNeg    . . .      Spirit   .   l - +1 ring mail of Meimegib {Harm Drain rF- Dex+9}
rPois   +          Reflect  +   (helmet unavailable)
rElec   +          Harm     +   (no cloak)
rCorr   .          Rampage  .   c - +2 pair of gloves
Will    +++..                   o - +1 pair of boots of the Echidna {rPois rC+}
Stlth   ++++......              f - amulet of reflection
HPRegen 0.36/turn               I - ring of Benodo {Wiz rElec rPois rF++ Slay+5}
MPRegen 0.21/turn               K - ring of Spring {Will+ Str+6 Dex+4 Slay+3}

@: drained
A: reduced essence, permanent stasis, dig shafts and tunnels, antennae 3, four
strong arms, iridescent scales 2, clever 1, fire resistance 1, frail 1
}: 5/15 runes: serpentine, barnacled, slimy, silver, abyssal
a: Dig, Shaft Self, Renounce Religion, Recall Ancestor, Ancestor Identity,
Transference, Idealise


You were on level 1 of the Realm of Zot.
You worshipped Hepliaklqana.
Hepliaklqana was exalted by your worship.
You visited 11 branches of the dungeon, and saw 49 of its levels.
You visited the Abyss 1 time.
You visited 1 bazaar.
You also visited: Ossuary and Gauntlet.

You collected 5295 gold pieces.
You spent 2738 gold pieces at shops.

Inventory:

Hand Weapons
 g - the +8 long sword of Dishonesty {elec, rF+}
   (You found it on level 3 of the Lair of Beasts)

   It occasionally discharges a powerful burst of electricity upon striking a
   foe.
   rF:        It protects you from fire.
 h - the +6 arbalest "Damnation" (weapon) {damnation}
   (You acquired it on level 1 of the Shoals)

   Any ammunition fired from it explodes in a burst of damnation on striking a
   foe, dealing damage which bypasses armour.
 k - the +8 arbalest "Zysti" {flame, rF+ Will+ Int+4}
   (You found it on level 4 of the Shoals)

   Any ammunition fired from it burns those it strikes, dealing additional fire
   damage.
   Int:       It affects your intelligence (+4).
   rF:        It protects you from fire.
   Will:      It increases your willpower.
 S - the +10 arbalest "Bimu" {elec, +Blink rC- Str+4 SInv}
   (You acquired it on level 2 of the Orcish Mines)

   Any ammunition fired from it occasionally discharges a powerful burst of
   electricity upon striking a foe.
   Str:       It affects your strength (+4).
   rC:        It makes you vulnerable to cold.
   SInv:      It lets you see invisible.
   +Blink:    It lets you blink.
Missiles
 D - 3 curare-tipped darts
 J - 7 throwing nets
Armour
 c - a +2 pair of gloves (worn)
 l - the +1 ring mail of Meimegib (worn) {Harm Drain rF- Dex+9}
   (You found it on level 3 of the Elven Halls)

   Dex:       It affects your dexterity (+9).
   rF:        It makes you vulnerable to fire.
   Drain:     It drains your maximum health when unequipped.
   Harm:      It increases damage dealt and taken.
 o - the +1 pair of boots of the Echidna (worn) {rPois rC+}
   (You found it on level 5 of the Vaults)

   rC:        It protects you from cold.
   rPois:     It protects you from poison.
 O - the +0 storm dragon scales of Geicogra {rElec Str+2 Int+7}
   (You found it on level 3 of the Elven Halls)

   Str:       It affects your strength (+2).
   Int:       It affects your intelligence (+7).
   rElec:     It insulates you from electricity.
 T - a +8 tower shield of protection (worn)
Jewellery
 f - an amulet of reflection (around neck)
 w - the ring of Harmony {Fly Will++ Dex+2}
   (You found it in a bazaar)

   [ring of flight]

   Dex:       It affects your dexterity (+2).
   Fly:       It grants you flight.
   Will:      It greatly increases your willpower.
 I - the ring of Benodo (left hand) {Wiz rElec rPois rF++ Slay+5}
   (You took it off a deep elf demonologist on level 3 of the Elven Halls)

   [ring of wizardry]

   It improves your spell success rate.
   Slay:      It affects your accuracy & damage with ranged weapons and melee
   (+5).
   rF:        It greatly protects you from fire.
   rElec:     It insulates you from electricity.
   rPois:     It protects you from poison.
 K - the ring of Spring (right hand) {Will+ Str+6 Dex+4 Slay+3}
   (You found it on level 5 of the Pits of Slime)

   [ring of strength]

   Str:       It affects your strength (+6).
   Dex:       It affects your dexterity (+4).
   Slay:      It affects your accuracy & damage with ranged weapons and melee
   (+3).
   Will:      It increases your willpower.
 U - the ring "Xuguofod" {Fly rF- rN++ Int+7}
   (You took it off a merfolk javelineer on level 4 of the Shoals)

   [ring of flight]

   Int:       It affects your intelligence (+7).
   rF:        It makes you vulnerable to fire.
   rN:        It greatly protects you from negative energy.
   Fly:       It grants you flight.
 V - an amulet of regeneration
 X - the ring "Kiluo" {Will+ rCorr}
   (You found it on level 3 of the Elven Halls)

   [ring of willpower]

   rCorr:     It protects you from acid and corrosion.
   Will:      It increases your willpower.
Wands
 m - a wand of digging (12)
 t - a wand of acid (20)
 u - a wand of roots (5)
 N - a wand of flame (37)
 P - a wand of charming (8)
 W - a wand of mindburst (33)
Scrolls
 a - 3 scrolls of silence
 b - 6 scrolls of poison
 d - 3 scrolls of torment
 i - 4 scrolls of fear
 n - 4 scrolls of summoning
 q - 7 scrolls of magic mapping
 r - 7 scrolls of enchant weapon
 s - 6 scrolls of enchant armour
 y - 3 scrolls of vulnerability
 F - 2 scrolls of fog
 Q - 7 scrolls of immolation
Potions
 j - 9 potions of cancellation
 p - 14 potions of brilliance
 v - 10 potions of flight
 x - 16 potions of attraction
 z - 6 potions of magic
 C - 14 potions of heal wounds
 E - 6 potions of resistance
 H - 5 potions of lignification
 L - 4 potions of mutation
 R - 2 potions of invisibility
 Y - 11 potions of curing
 Z - 2 potions of ambrosia
Miscellaneous
 e - a tin of tremorstones (2/2)
 A - a lightning rod (4/4)
 B - a box of beasts
 G - a phantom mirror
 M - a condenser vane


   Skills:
 - Level 20.0 Fighting
 - Level 10.0 Long Blades
 - Level 21.0 Ranged Weapons
 - Level 2.0 Throwing
 - Level 21.0 Armour
 * Level 16.3 Dodging
 - Level 8.0 Stealth
 - Level 21.0 Shields
 - Level 4.0 Spellcasting
 - Level 10.0 Hexes
 - Level 1.0 Translocations
 - Level 2.0 Transmutations
 - Level 8.0 Invocations
 - Level 8.0 Evocations


You had 18 spell levels left.
You knew the following spells:

 Your Spells              Type           Power      Damage    Failure   Level
a - Slow                  Hex            100%       N/A       1%          1
b - Inner Flame           Hex/Fire       24%        N/A       4%          3
c - Portal Projectile     Hex/Tloc       52%        N/A       3%          3
d - Wereblood             Tmut           12%        N/A       8%          2
e - Tukima's Dance        Hex            44%        N/A       1%          3
f - Summon Guardian Gole  Hex/Summ       24%        N/A       4%          3

Your spell library contained the following spells:

 Spells                   Type           Power      Damage    Failure   Level
 Confusing Touch          Hex            44%        N/A       1%          3
 Cause Fear               Hex            22%        N/A       1%          4
 Beastly Appendage        Tmut           24%        N/A       4%          1
 Dazzling Flash           Conj/Hex       48%        N/A       4%          3
 Sting                    Tmut/Pois      32%        1d4       8%          1
 Foxfire                  Conj/Fire      16%        2x1d4     11%         1
 Freeze                   Ice            16%        1d4       11%         1
 Magic Dart               Conj           16%        1d3       11%         1
 Sandblast                Erth           8%         2d5       11%         1
 Shock                    Conj/Air       16%        1d4       11%         1
 Passwall                 Tmut/Erth      6%         N/A       11%         2
 Leda's Liquefaction      Hex/Erth       12%        N/A       14%         4
 Call Imp                 Summ           4%         N/A       16%         2
 Poisonous Vapours        Pois/Air       8%         N/A       16%         2
 Scorch                   Fire           8%         2d5       16%         2
 Static Discharge         Conj/Air       4%         3-4/arc   16%         2
 Sublimation of Blood     Necr           4%         N/A       16%         2
 Gell's Gravitas          Tloc           8%         N/A       21%         3
 Lesser Beckoning         Tloc           8%         N/A       21%         3
 Spider Form              Tmut/Pois      8%         N/A       21%         3
 Teleport Other           Tloc           8%         N/A       21%         3
 Ignite Poison            Fire/Tmut/Pois 6%         N/A       26%         3
 Yara's Violent Unravell  Hex/Tmut       14%        3d7       26%         5
 Call Canine Familiar     Summ           4%         N/A       32%         3
 Conjure Flame            Conj/Fire      4%         6-21      32%         3
 Frozen Ramparts          Ice            8%         1d2       32%         3
 Mephitic Cloud           Conj/Pois/Air  4%         N/A       32%         3
 Stone Arrow              Conj/Erth      8%         3d7       32%         3
 Metabolic Englaciation   Hex/Ice        12%        N/A       34%         5
 Silence                  Hex/Air        12%        N/A       34%         5
 Summon Mana Viper        Hex/Summ       24%        N/A       34%         5
 Ice Form                 Ice/Tmut       8%         N/A       54%         4
 Petrify                  Tmut/Erth      8%         N/A       54%         4
 Iskenderun's Mystic Bla  Conj/Tloc      6%         2d4       61%         4
 Airstrike                Air            2%         2d(1-17)  69%         4
 Animate Dead             Necr           4%         N/A       69%         4
 Corpse Rot               Necr/Pois/Air  4%         N/A       69%         4
 Dispel Undead            Necr           4%         3d7       69%         4
 Flame Wave               Conj/Fire      4%         2d5       69%         4
 Hailstorm                Conj/Ice       4%         3d4       69%         4
 Olgreb's Toxic Radiance  Pois           4%         N/A       69%         4
 Sticky Flame             Conj/Fire      4%         2d3       69%         4
 Summon Ice Beast         Ice/Summ       4%         N/A       69%         4
 Blade Hands              Tmut           6%         N/A       75%         5
 Enfeeble                 Hex            22%        N/A       80%         7
 Irradiate                Conj/Tmut      4%         3d13      86%         5
 Manifold Assault         Tloc           8%         N/A       86%         5
 Summon Forest            Summ/Tloc      3%         N/A       91%         5
 Borgnjor's Vile Clutch   Necr/Erth      2%         N/A       95%         5
 Fireball                 Conj/Fire      2%         3d4       95%         5
 Freezing Cloud           Conj/Ice/Air   2%         6-21      95%         5
 Lee's Rapid Deconstruct  Erth           2%         3d5*      95%         5
 Death Channel            Necr           2%         N/A       100%        6
 Eringya's Noxious Bog    Tmut/Pois      4%         N/A       100%        6
 Starburst                Conj/Fire      2%         6d3       100%        6
 Statue Form              Tmut/Erth      5%         N/A       100%        6
 Summon Cactus Giant      Summ           2%         N/A       100%        6
 Orb of Destruction       Conj           2%         9d5       100%        7
 Spellforged Servitor     Conj/Summ      2%         N/A       100%        7
 Storm Form               Tmut/Air       4%         N/A       100%        7
 Summon Hydra             Summ           2%         N/A       100%        7
 Borgnjor's Revivificati  Necr           2%         N/A       100%        8
 Ignition                 Fire           2%         3d3       100%        8
 Maxwell's Capacitive Co  Air            2%         ∞         100%        8
 Necromutation            Tmut/Necr      4%         N/A       100%        8
 Death's Door             Necr           2%         N/A       100%        9
 Blink                    Tloc           Unusable   N/A       N/A         2
 Swiftness                Air            Unusable   N/A       N/A         3

Dungeon Overview and Level Annotations

Branches:
Dungeon (15/15)            Temple (1/1) D:7            Lair (5/5) D:8
 Shoals (4/4) Lair:3        Snake (4/4) Lair:2        Slime (5/5) Lair:5
    Orc (2/2) D:11            Elf (3/3) Orc:2        Vaults (5/5) D:14
  Crypt (0/3) Vaults:3     Depths (4/4) D:15            Zot (1/5) Depths:4
Ossuary (visited)         Gauntlet (visited)

Altars:
Dithmenos
Gozag
Hepliaklqana
Okawaru
Qazlal
Trog
Uskayaw
Yredelemnul
Jiyva

Shops:
D:2 !   D:4 ((*(   D:6 !   D:13 [(:*:   D:14 (:(   Orc:2 **=:   Shoals:1 *
Snake:2 [?[[   Snake:4 (

Portals:
Hell: Depths:1 Depths:2 Depths:3 Depths:4
Abyss: Depths:3
Pandemonium: Depths:2
Ziggurat: Depths:3

Annotations:
D:4 1 transporter, superradish's ghost, weakling DsDe


Innate Abilities, Weirdness & Mutations

Your life essence is reduced to manifest your ancestor. (-10% HP)
You cannot be hasted, slowed, berserked, paralysed or teleported.
You can dig through walls and to a lower floor.
You have a pair of large antennae on your head. (SInv)
Your four strong arms can wield two-handed weapons with a shield.
You are mostly covered in iridescent scales. (AC +4)
Your mind is acute. (Int +4, Str/Dex -1)
Your flesh is heat resistant. (rF+)
You are frail. (-10% HP)


Message History

The black draconian knight is almost dead.
The damnation bolt explodes!
The damnation engulfs the black draconian knight!!
You kill the black draconian knight!
A shadow dragon comes into view.
Unknown command.
Fire: h) +6 arbalest "Damnation" {damnation}
Press: ? - help, Q - select action, (/) - cycle Shift-Dir - straight line, f - shadow dragon
Aim: a shadow dragon (lightly wounded, 82% to hit)
You shoot a damnation bolt.
The damnation bolt hits the shadow dragon!
The shadow dragon is moderately wounded.
The damnation bolt explodes!
The damnation engulfs the shadow dragon!
The shadow dragon is moderately wounded.
Unknown command.
Fire: h) +6 arbalest "Damnation" {damnation}
Press: ? - help, Q - select action, (/) - cycle Shift-Dir - straight line, f/p - shadow dragon
Aim: a shadow dragon (moderately wounded, 82% to hit)
You shoot a damnation bolt.
The damnation bolt hits the shadow dragon.
The shadow dragon is moderately wounded.
The damnation bolt explodes!
The damnation engulfs the shadow dragon!!
The shadow dragon is severely wounded.
A red draconian scorcher comes into view.
It is wielding a +0 whip.
Unknown command.
Fire: h) +6 arbalest "Damnation" {damnation}
Press: ? - help, Q - select action, (/) - cycle Shift-Dir - straight line, f/p - shadow dragon
Aim: a shadow dragon (heavily wounded, 82% to hit)
You shoot a damnation bolt. The red draconian scorcher roars!
The damnation bolt hits the shadow dragon but does no damage.
The shadow dragon is heavily wounded.
The damnation bolt explodes!
The damnation engulfs the shadow dragon!
The shadow dragon is severely wounded.
The shadow dragon breathes negative energy at you.
The bolt of negative energy hits you!!!
You feel drained.
You die...

# ##! #... ## .))#
##. #..##.. #..
##))..#### ....
#...$.##.# #...
#.#)## #..#
#)@####...#
#.))......#
##........#
#⌠.......#
#....D...#
#........#
.####......q.####.#
.......∩....)....[.
...................


You could see a shadow dragon (catching breath) and a red draconian scorcher.

Vanquished Creatures
  the Royal Jelly (Slime:5)
  Dissolution (Slime:3)
  A dread lich (Vaults:5)
  3 ancient liches (Vaults:5)
  Frederick (Vaults:2)
  3 golden dragons
  Nikola (Vaults:3)
  2 bone dragons (Abyss:2)
  Jorgrun (D:15)
  A walking crystal tome (Depths:3)
  2 tentacled monstrosities (Vaults:5)
  5 liches
  A deep elf blademaster (Elf:2)
  A quicksilver dragon (Depths:3)
  2 titans
  7 acid blobs
  A deep elf master archer (Elf:3)
  2 krakens
  An Executioner (Abyss:1)
  A tentacled starspawn (Abyss:3)
  2 sphinxes
  3 storm dragons
  A tengu reaver (Vaults:5)
  5 shadow dragons
  A draconian monk (Depths:4)
  11 azure jellies
  Ilsuiw (Shoals:3)
  13 rockslimes
  A nagaraja (Snake:2)
  5 fire giants
  5 draconian knights (Zot:1)
  Aizul (Snake:3)
  A deep elf sorcerer (Elf:3)
  4 frost giants
  9 vault wardens
  A draconian scorcher (Zot:1)
  A draconian stormcaller (Zot:1)
  2 draconian shifters (Zot:1)
  A reaper (Depths:3)
  3 deep elf elementalists (Elf:3)
  2 draconian annihilators (Depths:4)
  11 ironbound preservers
  10 very ugly things
  A war gargoyle (Vaults:5)
  2 vampire knights
  6 quicksilver oozes
  An ironbound thunderhulk (Vaults:1)
  3 spriggan defenders
  10 stone giants
  The ghost of FizzleBangTC the Arsonist, a journeyman MeEE of Sif Muna (Snake:1)
  2 lorocyprocas
  6 deep elf demonologists (Elf:3)
  2 green draconians (Zot:1)
  2 black draconians (Zot:1)
  2 dire elephants (Vaults:2)
  An entropy weaver (Gauntlet)
  3 deep elf annihilators (Elf:3)
  3 spark wasps
  2 red draconians (Zot:1)
  4 white draconians
  2 yellow draconians (Depths:4)
  3 purple draconians (Zot:1)
  A minotaur (Gauntlet)
  7 deep elf death magi
  5 merfolk impalers
  A green death (Abyss:2)
  5 fire dragons
  8 ettins
  2 deep elf high priests
  4 merfolk javelineers
  9 yaktaur captains
  2 hell beasts (Depths:3)
  2 rakshasas
  3 great orbs of eyes
  21 vault guards
  5 ice dragons
  2 ogre magi (Abyss:3)
  5 merfolk avatars
  3 salamander tyrants
  A catoblepas (Lair:1)
  9 anacondas
  A caustic shrike simulacrum (Abyss:2)
  A spriggan air mage (Depths:3)
  4 hydras
  A death knight (Vaults:3)
  5 two-headed ogres
  9 deep troll shamans
  2 alligator snapping turtles
  3 ironbound frosthearts
  A satyr (Shoals:3)
  A death scarab (Gauntlet)
  13 naga warriors
  5 centaur warriors
  5 merfolk aquamancers
  2 tengu warriors (Depths:1)
  10 dancing weapons
  8 deep troll earth magi
  2 orc high priests (Orc:2)
  3 vampire magi
  A shock serpent (shapeshifter) (Vaults:5)
  4 thrashing horrors (Abyss:2)
  3 shock serpents
  A spriggan berserker (Depths:4)
  10 naga sharpshooters
  A hell knight (Vaults:5)
  A skeletal warrior (D:14)
  3 wretched stars
  4 deep elf knights
  A fire crab (Gauntlet)
  6 salamander mystics
  46 deep trolls
  6 iron trolls
  7 sea snakes
  A quicksilver dragon simulacrum (Depths:3)
  2 glowing orange brains
  A shadow demon (Abyss:1)
  A flayed ghost (Depths:3)
  5 lindwurms
  3 naga ritualists
  An orange crystal statue (Vaults:3)
  10 deep elf archers
  2 wizards
  A shadow dragon zombie (Vaults:5)
  14 ironbound convokers
  4 phantasmal warriors
  8 harpies (Shoals:2)
  10 deep elf pyromancers
  3 orc sorcerers
  An iron dragon zombie (Depths:2)
  2 orc knights (Orc:1)
  13 deep elf zephyrmancers
  3 necromancers
  2 wolf spiders
  6 ugly things
  A human zombie (Vaults:5)
  17 salamanders
  6 mana vipers
  7 shining eyes
  8 manticores
  4 cyclopes
  2 worldbinders
  2 fauns (Shoals:3)
  A fire giant skeleton (Depths:2)
  8 merfolk sirens
  3 elephants
  2 smoke demons
  7 naga magi
  17 black mambas
  6 vault sentinels
  A water nymph (shapeshifter) (D:14)
  2 apocalypse crabs (Abyss:1)
  7 water nymphs
  7 guardian serpents
  3 centaur skeletons (D:14)
  6 cane toads
  A kobold demonologist (D:11)
  13 large abominations
  4 rime drakes
  An unseen horror (D:13)
  An ice devil (Abyss:2)
  2 spriggan skeletons (Depths:2)
  A rime drake (shapeshifter) (Vaults:5)
  2 freezing wraiths (Vaults:3)
  2 spectral nagas (Snake:1)
  7 tengu conjurers
  26 yaktaurs
  4 komodo dragons
  4 trolls
  2 ancient zymes
  A red devil (Depths:2)
  A harpy zombie (Abyss:2)
  8 wind drakes
  6 hornets
  Grinder (D:5)
  A polar bear (Lair:1)
  13 merfolk
  48 slime creatures
  5 raiju
  A harpy skeleton (Abyss:2)
  4 snapping turtles
  9 blink frogs
  Sigmund (D:4)
  4 dream sheep (Shoals:3)
  5 air elementals
  2 flying skulls (Abyss:1)
  4 spriggans
  17 water elementals
  3 wyverns
  7 wraiths
  A vampire (D:11)
  3 fire elementals
  8 golden eyes
  2 neqoxecs
  A wyvern (shapeshifter) (D:15)
  6 yaks
  3 ynoxinuls (Abyss:2)
  2 basilisks
  A golden eye (shapeshifter) (Elf:1)
  2 chaos spawn
  A steam dragon (Shoals:3)
  2 wargs (Orc:1)
  8 fire bats
  A redback (Gauntlet)
  Eustachio (D:6)
  39 nagas
  A harpy simulacrum (Abyss:2)
  Duvessa (D:7)
  2 acid dragons
  13 water moccasins
  A glowing shapeshifter skeleton (Depths:2)
  A spectral torpor snail (Gauntlet)
  3 sky beasts
  A black bear (D:6)
  7 ogres
  15 orc warriors
  10 wolves
  2 lemures (D:8)
  A centaur (D:11)
  A phantom (D:5)
  2 battlemagi
  4 kobold brigands
  6 bullfrogs
  A necrophage (Temple)
  3 scorpions (D:5)
  7 small abominations
  An earth elemental (Elf:2)
  A glowing shapeshifter simulacrum (Vaults:5)
  4 wights
  Dowan (D:7)
  4 killer bees
  2 electric eels
  7 howler monkeys
  A quasit (Abyss:2)
  7 starcursed masses (Abyss:2)
  2 hounds
  2 jellies
  2 gnoll boudas
  10 orc priests
  An iron imp (Abyss:1)
  12 orc wizards
  Ijyb (D:4)
  3 hell rats (Lair:3)
  3 iguanas
  A boggart skeleton (D:14)
  4 naga simulacra (Snake:1)
  8 mummies (Ossuary)
  13 gnolls
  4 adders
  2 shadow imps
  5 white imps
  5 ufetubi
  2 worms
  4 dart slugs
  46 orcs
  4 bats
  7 endoplasms
  2 giant cockroaches
  4 goblins
  4 hobgoblins
  4 jackals (D:1)
  2 quokkas
  6 ball pythons
  4 frilled lizards
  3 gnoll zombies (Ossuary)
  3 hobgoblin zombies (Ossuary)
  21 kobolds
  A kobold zombie (Ossuary)
  An orc zombie (Ossuary)
  6 rats
  A butterfly (Lair:2)
  4 starspawn tentacles (Abyss:3)
  4 tentacles
1276 creatures vanquished.

Vanquished Creatures (collateral kills)
  A dread lich (Vaults:5)
  3 bone dragons
  5 liches
  A walking divine tome (Depths:3)
  Rupert (Lair:4)
  2 titans
  10 acid blobs
  A deep elf blademaster (Elf:3)
  Frances (Elf:1)
  A sphinx (Depths:3)
  A tentacled starspawn (Abyss:3)
  Gastronok (Lair:2)
  A tengu reaver (Vaults:5)
  4 shadow dragons (Vaults:5)
  4 fire giants
  4 rockslimes (Slime:5)
  Donald (Snake:3)
  An iron dragon (Vaults:5)
  3 frost giants
  3 vault wardens
  2 deep elf elementalists (Elf:3)
  5 stone giants
  4 ironbound preservers
  2 spriggan defenders (Depths:3)
  4 very ugly things
  2 quicksilver oozes (Slime:5)
  A caustic shrike skeleton (Depths:2)
  An ironbound thunderhulk (Vaults:1)
  A dire elephant (Vaults:2)
  3 purple draconians
  2 spark wasps
  2 deep elf annihilators (Elf:3)
  4 deep elf death magi
  4 ettins
  A green death (Abyss:1)
  A deep elf high priest (Elf:3)
  Josephine (Orc:1)
  3 yaktaur captains
  4 ice dragons
  Harold (D:9)
  A great orb of eyes (Vaults:3)
  2 rakshasas
  11 vault guards
  3 hydras
  A peacekeeper (Vaults:1)
  A spriggan air mage (Depths:4)
  4 two-headed ogres
  A catoblepas (Lair:5)
  3 naga warriors
  9 anacondas
  An alligator snapping turtle (Shoals:3)
  2 dancing weapons
  A merfolk aquamancer (Shoals:4)
  A merfolk avatar (Shoals:2)
  A deep troll shaman (Depths:3)
  3 centaur warriors
  A deep troll earth mage (Depths:2)
  A death knight (Abyss:1)
  A tengu warrior (Depths:1)
  2 naga sharpshooters (Snake:3)
  A vampire mage (Depths:1)
  An orc high priest (Orc:2)
  4 shock serpents
  A wretched star (Abyss:1)
  2 iron trolls
  7 salamander mystics
  A glowing orange brain (Abyss:3)
  4 skeletal warriors
  A sea snake (Shoals:2)
  A steelbarb worm (shapeshifter) (Vaults:5)
  12 deep trolls
  A glowing orange brain (shapeshifter) (Vaults:5)
  4 ironbound convokers
  A deep elf archer (Elf:2)
  A wizard (Vaults:3)
  4 naga ritualists
  2 phantasmal warriors (Vaults:5)
  Pikel (D:8)
  6 deep elf zephyrmancers
  A necromancer (Depths:2)
  A lindwurm (Snake:4)
  8 mana vipers
  6 orc knights
  2 deep elf pyromancers (Elf:1)
  3 orc sorcerers
  4 ugly things
  A faun (Shoals:3)
  2 cyclopes
  A manticore (Shoals:4)
  8 elephants
  6 salamanders
  2 vault sentinels
  4 guardian serpents
  23 black mambas
  2 water nymphs
  6 naga magi
  2 gargoyles
  An apocalypse crab (Abyss:2)
  6 cane toads
  A spriggan zombie (Depths:2)
  A human skeleton (Vaults:5)
  A storm dragon simulacrum (Vaults:5)
  3 rime drakes
  An efreet (D:14)
  2 starcursed masses (Abyss:2)
  3 komodo dragons
  2 ancient zymes (Abyss:1)
  3 merfolk
  A polar bear (Lair:1)
  2 large abominations (Abyss:2)
  3 raiju (Abyss:2)
  2 snapping turtles
  24 slime creatures
  11 blink frogs
  3 wind drakes
  A spectral naga (Snake:1)
  A harpy skeleton (Abyss:1)
  A centaur simulacrum (D:15)
  A spectral black mamba (Snake:1)
  A flying skull (Abyss:1)
  2 air elementals
  A ynoxinul (Abyss:2)
  3 wraiths (Orc:1)
  4 fire bats
  12 yaks
  A golden eye (Slime:5)
  8 wyverns
  7 water elementals
  A fire elemental (Elf:3)
  5 chaos spawn
  2 vampire mosquitoes (D:13)
  A spriggan simulacrum (Depths:2)
  5 basilisks
  3 redbacks (Lair:5)
  2 steam dragons
  A warg (Orc:2)
  2 acid dragons (Lair:5)
  8 nagas
  7 water moccasins
  A glowing shapeshifter skeleton (Depths:2)
  11 orc warriors
  2 ogres
  A boggart (shapeshifter) (Vaults:5)
  10 wolves
  A centaur (D:10)
  2 lemures (D:8)
  3 kobold brigands (D:9)
  An earth elemental (Elf:3)
  3 small abominations
  7 wights
  An electric eel (D:9)
  4 howler monkeys
  2 quasits (Abyss:2)
  A naga simulacrum (Snake:1)
  7 orc priests
  3 hell rats (Lair:3)
  8 orc wizards
  A gnoll (D:9)
  20 orcs
  6 kobolds (D:9)
  A butterfly (Lair:2)
  2 tentacles (Abyss:2)
532 creatures vanquished.

Vanquished Creatures (others)
  2 acid blobs (Slime:5)
  A deep elf master archer (Elf:3)
  A rockslime (Slime:5)
  An azure jelly (Slime:5)
  An ogre mage (Vaults:5)
  A merfolk aquamancer (Shoals:1)
  A phantasmal warrior (Vaults:5)
  An orc knight (Orc:2)
  A manticore (Shoals:1)
  A black mamba (Snake:2)
  A cane toad (Lair:1)
  A komodo dragon (Lair:1)
  A blink frog (Lair:1)
  A yak (Lair:1)
  A water elemental (Shoals:1)
  A chaos spawn (Abyss:3)
  A neqoxec (Depths:2)
  A boggart (D:14)
  A wolf (Lair:1)
  An orc wizard (D:6)
  11 ancestors
  54 battlemagi
  An orc (D:3)
  A kobold (D:9)
  41 fungi
  175 plants
  6 tentacles
310 creatures vanquished.

Grand Total: 2118 creatures vanquished

Notes
Turn   | Place    | Note
-------+----------+-------------------------------------------
     0 | D:1      | Lutefisk the Formicid Arcane Marksman began the quest for
                  | the Orb.
     0 | D:1      | Reached XP level 1. HP: 15/15 MP: 2/2
    88 | D:1      | Reached XP level 2. HP: 22/22 MP: 3/3
   321 | D:1      | Reached XP level 3. HP: 28/29 MP: 4/4
   419 | D:1      | Found a faded altar of an unknown god.
   462 | D:2      | Found Jiosh's Distillery.
   471 | D:2      | Bought a potion of heal wounds for 60 gold pieces
   791 | D:3      | Reached skill level 1 in Stealth
   791 | D:3      | Reached XP level 4. HP: 29/37 MP: 5/5
   998 | D:3      | Learned a level 3 spell: Inner Flame
  1005 | D:3      | Noticed a moth of wrath
  1008 | D:3      | Found a bloodstained altar of Trog.
  1155 | D:4      | Reached skill level 1 in Armour
  1240 | D:4      | Noticed Ijyb
  1291 | D:3      | Reached XP level 5. HP: 27/42 MP: 6/6
  1803 | D:4      | Killed Ijyb
  2003 | D:4      | Found Laeck's Weapon Boutique.
  2008 | D:4      | Found Plog's Assorted Antiques.
  2019 | D:4      | Bought a yellow potion for 26 gold pieces
  2019 | D:4      | Bought a sedimented dark potion for 26 gold pieces
  2033 | D:4      | Noticed Sigmund
  2038 | D:4      | Killed Sigmund
  2039 | D:4      | Reached XP level 6. HP: 52/52 MP: 7/7
  2066 | D:4      | Found Sythrioso's Antique Weapon Boutique.
  2111 | D:4      | Found a transporter.
  2112 | D:4      | Noticed superradish's ghost (weakling DsDe)
  2116 | D:4      | Identified the +5 great mace of the Moon {pain, rN+ rCorr
                  | Dex+5}
  2116 | D:4      | Noticed an ogre
  2213 | D:4      | Found Louch's Weapon Boutique.
  2226 | D:4      | Reached XP level 7. HP: 46/56 MP: 8/8
  2295 | D:5      | Entered Level 5 of the Dungeon
  2350 | D:5      | Reached skill level 1 in Evocations
  2422 | D:5      | Found a sand-covered staircase.
  2428 | Ossuary  | Entered an ossuary
  2463 | Ossuary  | Reached skill level 1 in Throwing
  2704 | D:5      | Reached XP level 8. HP: 59/64 MP: 9/9
  2952 | D:5      | Noticed Grinder
  2965 | D:5      | Killed Grinder
  2966 | D:5      | Reached skill level 5 in Ranged Weapons
  3131 | D:6      | Found Ziagou's Distillery.
  3135 | D:6      | Bought a potion of mutation for 104 gold pieces
  3135 | D:6      | Bought a potion of ambrosia for 104 gold pieces
  3171 | D:6      | Noticed Eustachio
  3235 | D:6      | Killed Eustachio
  3316 | D:6      | Reached XP level 9. HP: 54/72 MP: 10/10
  3578 | D:6      | Found a basalt altar of Yredelemnul.
  3578 | D:6      | Found a shadowy altar of Dithmenos.
  3682 | D:7      | Found a hide-covered altar of Uskayaw.
  3702 | D:7      | Found a staircase to the Ecumenical Temple.
  3714 | Temple   | Entered the Ecumenical Temple
  3744 | Temple   | Became a worshipper of Hepliaklqana the Forgotten
  3792 | D:7      | Noticed Duvessa
  3813 | D:7      | Noticed Dowan
  3820 | D:7      | Killed Duvessa
  3831 | D:7      | Killed Dowan
  4850 | D:8      | Found an iron altar of Okawaru.
  4880 | D:8      | Reached XP level 10. HP: 59/83 MP: 11/11
  4915 | D:8      | Reached * piety under Hepliaklqana
  5005 | D:8      | Found a staircase to the Lair.
  5006 | D:8      | Noticed a komodo dragon
  5037 | D:8      | Noticed a two-headed ogre
  5040 | D:8      | Noticed Pikel
  5222 | D:9      | Reached skill level 5 in Dodging
  5274 | D:9      | Reached skill level 5 in Armour
  5362 | D:9      | Reached skill level 1 in Shields
  5368 | D:9      | Noticed a yaktaur
  5464 | D:9      | Learned a level 3 spell: Portal Projectile
  5570 | D:9      | Reached skill level 1 in Translocations
  5669 | D:9      | Noticed Harold
  5732 | D:10     | Entered Level 10 of the Dungeon
  5732 | D:10     | Noticed a green ugly thing
  5745 | D:10     | Killed a green ugly thing
  5850 | D:8      | Killed a komodo dragon
  5851 | D:8      | Reached skill level 10 in Fighting
  5851 | D:8      | Reached skill level 5 in Hexes
  5895 | Lair:1   | Entered Level 1 of the Lair of Beasts
  5900 | Lair:1   | Noticed a cane toad
  6147 | D:8      | You fall into a shaft and drop 2 floors!
  6393 | D:10     | Noticed a two-headed ogre
  6499 | Lair:1   | Reached XP level 11. HP: 45/81 MP: 14/14
  6761 | Lair:1   | Noticed a five-headed hydra
  6796 | Lair:1   | Reached ** piety under Hepliaklqana
  6797 | Lair:1   | Remembered your ancestor Ingwe as a battlemage
  6890 | Lair:1   | Noticed an elephant
  6890 | Lair:1   | Noticed an eight-headed hydra
  6956 | Lair:2   | Reached skill level 10 in Ranged Weapons
  6957 | Lair:2   | Noticed an elephant
  7059 | Lair:2   | Noticed a five-headed hydra
  7069 | Lair:2   | Killed a five-headed hydra
  7070 | Lair:2   | Reached skill level 5 in Evocations
  7188 | Lair:2   | Noticed Gastronok
  7203 | Lair:2   | Killed Gastronok
  7204 | Lair:2   | Reached skill level 5 in Stealth
  7204 | Lair:2   | Reached skill level 5 in Shields
  7232 | Lair:2   | Noticed an elephant
  7233 | Lair:2   | Noticed an elephant
  7233 | Lair:2   | Noticed an elephant
  7251 | Lair:2   | Noticed an elephant
  7390 | Lair:3   | Identified the +8 long sword of Dishonesty {elec, rF+}
  7403 | Lair:3   | Found a staircase to the Shoals.
  7448 | Lair:3   | Learned a level 2 spell: Wereblood
  7485 | Lair:3   | Reached skill level 1 in Transmutations
  7523 | Lair:2   | Reached XP level 12. HP: 74/87 MP: 15/15
  7601 | Lair:2   | Reached *** piety under Hepliaklqana
  7773 | Lair:3   | Reached skill level 1 in Invocations
  8039 | Lair:4   | Noticed Rupert
  8053 | Lair:4   | Killed Rupert
  8167 | Lair:4   | Noticed a death yak
  8167 | Lair:4   | Noticed a death yak
  8169 | Lair:4   | Noticed a death yak
  8169 | Lair:4   | Noticed a death yak
  8445 | Lair:5   | Entered Level 5 of the Lair of Beasts
  8511 | Lair:5   | Noticed a four-headed hydra
  8517 | Lair:5   | Killed a four-headed hydra
  8587 | Lair:5   | Reached XP level 13. HP: 87/95 MP: 16/16
  8768 | Lair:5   | Noticed a catoblepas
  8785 | Lair:5   | Killed a catoblepas
  8832 | Lair:5   | Reached **** piety under Hepliaklqana
  8978 | Lair:5   | Reached skill level 10 in Shields
  8989 | Lair:5   | Reached skill level 10 in Armour
  9196 | Lair:5   | Identified the +11 falchion of Sufficient True Grit {holy,
                  | rC+ Will+ Str-3 Int+2}
  9258 | Lair:5   | Found a viscous altar of Jiyva.
  9259 | Lair:5   | Found a staircase to the Slime Pits.
  9398 | Lair:2   | Found a staircase to the Snake Pit.
  9447 | Lair:1   | Noticed a catoblepas
  9447 | Lair:1   | Noticed an eight-headed hydra
  9462 | Lair:1   | Killed a catoblepas
  9464 | Lair:1   | Killed an eight-headed hydra
  9465 | Lair:1   | Reached XP level 14. HP: 42/103 MP: 18/18
  9916 | D:8      | Killed Pikel
 10077 | D:9      | Killed Harold
 10655 | D:11     | Reached ***** piety under Hepliaklqana
 10676 | D:11     | Found a staircase to the Orcish Mines.
 10700 | Orc:1    | Entered Level 1 of the Orcish Mines
 10724 | Orc:1    | Noticed Josephine
 10729 | Orc:1    | Killed Josephine
 10766 | Orc:2    | Entered Level 2 of the Orcish Mines
 11178 | Orc:1    | Reached XP level 15. HP: 43/112 MP: 19/19
 11389 | Orc:2    | Found a staircase to the Elven Halls.
 11547 | Orc:2    | Reached skill level 15 in Ranged Weapons
 11584 | Orc:2    | Found Cusi's General Store.
 11584 | Orc:2    | Found Ceogh's General Store.
 11585 | Orc:2    | Found Nibil's Book Shoppe.
 11585 | Orc:2    | Found Zaget's Jewellery Shoppe.
 11617 | Orc:2    | Bought a potion of curing for 45 gold pieces
 11617 | Orc:2    | Bought a scroll of enchant armour for 112 gold pieces
 11617 | Orc:2    | Bought a scroll of acquirement for 780 gold pieces
 11617 | Orc:2    | Acquired the +10 arbalest "Bimu" {elec, +Blink rC- Str+4
                  | SInv}
 11623 | Orc:2    | Bought the Volume of Transposition for 420 gold pieces
 12066 | D:13     | Found Naewit's Weapon Boutique.
 12090 | D:13     | Found Ecwiacu's General Store.
 12102 | D:13     | Found Kueb's Book Shoppe.
 12245 | D:13     | Found Dioff's Armour Emporium.
 12314 | D:13     | Found Qees's Book Shoppe.
 12446 | D:14     | Found Noisi's Antique Weapon Boutique.
 12448 | D:14     | Found Cohadgh's Weapon Shop.
 12498 | D:14     | Found Sytzeiz's Book Shop.
 12712 | D:14     | Found a gate to the Vaults.
 12818 | D:15     | Entered Level 15 of the Dungeon
 12870 | D:15     | Found a gate leading to a gauntlet.
 12879 | Gauntlet | Entered a Gauntlet
 12879 | Gauntlet | Found a transporter.
 12879 | Gauntlet | Found a transporter.
 12881 | Gauntlet | Found a transporter.
 12884 | Gauntlet | Found a transporter.
 12901 | Gauntlet | Found a transporter.
 12909 | Gauntlet | Found a transporter.
 12913 | Gauntlet | Found a transporter.
 12921 | Gauntlet | Found a transporter.
 12937 | Gauntlet | Found a transporter.
 12951 | Gauntlet | Found a transporter.
 12955 | Gauntlet | Found a transporter.
 12963 | Gauntlet | Found a transporter.
 13057 | Gauntlet | Found a runed translucent door.
 13088 | Gauntlet | Identified the +9 trident of Datsem {venom, rF+ rCorr
                  | Dex+4}
 13138 | Gauntlet | Reached skill level 5 in Invocations
 13147 | Gauntlet | Identified the -2 helmet of the Ecumenical Temple {rN+}
 13364 | Gauntlet | Identified the +6 war axe "Ozxoplomp" {vorpal, Drain Fly
                  | Str-2 Dex+9}
 13518 | D:15     | Noticed Jorgrun
 13531 | D:15     | Killed Jorgrun
 13686 | D:15     | Reached XP level 16. HP: 119/119 MP: 20/20
 13761 | D:15     | Found a staircase to the Depths.
 14306 | Shoals:1 | Entered Level 1 of the Shoals
 14315 | Shoals:1 | Reached ****** piety under Hepliaklqana
 14365 | Shoals:1 | Acquired a +0 pair of boots of stealth
 14379 | Shoals:1 | Acquired the +6 arbalest "Damnation" {damnation}
 14379 | Shoals:1 | Found the +6 arbalest "Damnation" {damnation}
 14475 | Shoals:2 | Got Bepuat's Tractate on Generative Air
 14534 | Shoals:2 | Reached skill level 15 in Fighting
 14676 | Shoals:3 | Noticed Ilsuiw
 14686 | Shoals:3 | Killed Ilsuiw
 15136 | Shoals:4 | Entered Level 4 of the Shoals
 15248 | Shoals:4 | Found a stormy altar of Qazlal.
 15282 | Shoals:4 | Reached XP level 17. HP: 110/127 MP: 21/21
 15390 | Shoals:4 | Identified the ring "Xuguofod" {Fly rF- rN++ Int+7}
 15552 | Shoals:4 | Noticed a titan
 15559 | Shoals:4 | Killed a titan
 15564 | Shoals:4 | Got the Octavo of Blasts and Clouds
 15566 | Shoals:4 | Got a barnacled rune of Zot
 15578 | Shoals:4 | Identified the +8 arbalest "Zysti" {flame, rF+ Will+ Int+4}
 15582 | Shoals:4 | Identified the +9 spear of Motsa Odi {elec, rF++}
 15831 | Shoals:2 | Reached skill level 15 in Shields
 15864 | Shoals:2 | Noticed a kraken
 15869 | Shoals:2 | Killed a kraken
 16060 | Shoals:1 | Found Haddicw's Gadget Gallery.
 16200 | Snake:1  | Entered Level 1 of the Snake Pit
 16285 | Snake:1  | Found a runed translucent gate.
 16285 | Snake:1  | Found a runed translucent gate.
 16293 | Snake:1  | Found a runed translucent gate.
 16388 | Snake:2  | Found Soamoch Iror's Antique Armour Shoppe.
 16836 | Snake:2  | Found Sawnimer's Armour Shoppe.
 16836 | Snake:2  | Found Jecrepoan's Armour Emporium.
 16843 | Snake:2  | Found Wem Uty's Magic Scroll Emporium.
 16908 | Snake:2  | Reached XP level 18. HP: 116/134 MP: 22/22
 17386 | Snake:3  | Noticed Aizul
 17393 | Snake:3  | Killed Aizul
 17414 | Snake:4  | Entered Level 4 of the Snake Pit
 17456 | Snake:4  | Noticed Donald
 18030 | Snake:4  | Reached skill level 10 in Dodging
 18223 | Snake:3  | Killed Donald
 18807 | Snake:4  | Found Bourucs's Weapon Emporium.
 18828 | Snake:4  | Reached XP level 19. HP: 78/139 MP: 23/23
 19493 | Snake:4  | Reached skill level 10 in Hexes
 19627 | Snake:4  | Got a serpentine rune of Zot
 19821 | Snake:1  | Noticed FizzleBangTC's ghost (journeyman MeEE)
 19833 | Snake:1  | Killed FizzleBangTC's ghost
 20113 | Elf:1    | Entered Level 1 of the Elven Halls
 20239 | Elf:1    | Noticed Frances
 20244 | Elf:1    | Killed Frances
 20543 | Elf:3    | Entered Level 3 of the Elven Halls
 20543 | Elf:3    | Found a flickering gateway to a bazaar.
 20557 | Bazaar   | Entered a bazaar
 20558 | Bazaar   | Identified the ring of Harmony {Fly Will++ Dex+2}
 20571 | Bazaar   | Found Satet's Magic Scroll Shop.
 20603 | Bazaar   | Found Tulummeeh's Magic Scroll Shop.
 20607 | Bazaar   | Bought a scroll of summoning for 161 gold pieces
 20607 | Bazaar   | Bought a scroll of poison for 68 gold pieces
 20615 | Bazaar   | Found Vaga Pont's Distillery.
 20623 | Bazaar   | Bought a potion of heal wounds for 60 gold pieces
 20623 | Bazaar   | Bought a potion of curing for 36 gold pieces
 20623 | Bazaar   | Bought a potion of ambrosia for 96 gold pieces
 20623 | Bazaar   | Bought a potion of resistance for 120 gold pieces
 20623 | Bazaar   | Bought a potion of heal wounds for 60 gold pieces
 20623 | Bazaar   | Bought a potion of heal wounds for 60 gold pieces
 20637 | Bazaar   | Found Yriruen's Distillery.
 20645 | Bazaar   | Bought 2 potions of resistance for 160 gold pieces
 20645 | Bazaar   | Bought a potion of curing for 24 gold pieces
 20645 | Bazaar   | Bought a potion of heal wounds for 40 gold pieces
 20645 | Bazaar   | Bought 2 potions of curing for 48 gold pieces
 20645 | Bazaar   | Bought 2 potions of ambrosia for 128 gold pieces
 20683 | Elf:3    | Noticed a deep elf blademaster
 20705 | Elf:2    | Killed a deep elf blademaster
 20715 | Elf:3    | Noticed a Tzitzimitl
 20884 | Elf:3    | Learned a level 3 spell: Tukima's Dance
 20888 | Elf:3    | Learned a level 3 spell: Summon Guardian Golem
 20915 | Elf:3    | Reached XP level 20. HP: 100/148 MP: 18/26
 21150 | Elf:3    | Noticed a Tzitzimitl
 21313 | Elf:3    | Identified the +0 storm dragon scales of Geicogra {rElec
                  | Str+2 Int+7}
 21313 | Elf:3    | Identified the ring "Kiluo" {Will+ rCorr}
 21347 | Elf:3    | Identified the +11 hand axe "Ropo" {speed, Will+ MP+9}
 21365 | Elf:3    | Identified the ring of Benodo {Wiz rElec rPois rF++ Slay+5}
 21396 | Elf:3    | Noticed a Tzitzimitl
 21400 | Elf:3    | Got the Directory of the Creative Traveller
 21468 | Elf:3    | Identified the +1 chain mail of the Lute {Fly rElec rPois
                  | Int+2}
 21504 | Elf:3    | Identified the +1 ring mail of Meimegib {Harm Drain rF-
                  | Dex+9}
 22014 | Vaults:1 | Entered Level 1 of the Vaults
 22125 | Vaults:1 | Reached skill level 15 in Armour
 22363 | Vaults:2 | Noticed Frederick
 22369 | Vaults:2 | Killed Frederick
 22461 | Vaults:2 | Reached XP level 21. HP: 87/159 MP: 27/27
 22611 | Vaults:3 | Noticed Nikola
 22617 | Vaults:3 | Killed Nikola
 22638 | Vaults:3 | Found a staircase to the Crypt.
 23373 | Depths:1 | Entered Level 1 of the Depths
 23373 | Depths:1 | Found an opulent altar of Gozag.
 24089 | Depths:1 | Reached XP level 22. HP: 166/166 MP: 26/28
 24097 | Depths:1 | Found a gateway to Hell.
 24616 | Depths:3 | Found a one-way gateway to a ziggurat.
 25291 | Depths:4 | Entered Level 4 of the Depths
 25409 | Depths:3 | Found a one-way gate to the infinite horrors of the Abyss.
 25468 | Depths:4 | Reached XP level 23. HP: 176/176 MP: 29/29
 25498 | Depths:4 | Noticed a golden dragon
 25503 | Depths:4 | Killed a golden dragon
 25505 | Depths:4 | Noticed a golden dragon
 25509 | Depths:4 | Killed a golden dragon
 25521 | Depths:4 | Found a gate to the Realm of Zot.
 25622 | Depths:4 | Found a shadowy altar of Dithmenos.
 26206 | Slime:1  | Entered Level 1 of the Pits of Slime
 26247 | Slime:3  | Noticed Dissolution
 26252 | Slime:3  | Killed Dissolution
 26290 | Slime:4  | Gained mutation: Armour fits poorly on your strangely
                  | shaped body. [a shining eye]
 26319 | Slime:3  | Reached skill level 15 in Dodging
 26616 | Slime:5  | Entered Level 5 of the Pits of Slime
 26620 | Slime:5  | Gained mutation: You occasionally lose the ability to drink
                  | potions when taking damage. [a shining eye]
 26694 | Slime:5  | Noticed the Royal Jelly
 26953 | Slime:5  | Lost mutation: You occasionally lose the ability to drink
                  | potions when taking damage. [potion of mutation]
 26953 | Slime:5  | Lost mutation: Armour fits poorly on your strangely shaped
                  | body. [potion of mutation]
 26953 | Slime:5  | Gained mutation: You have hidden genetic defects. [potion
                  | of mutation]
 26953 | Slime:5  | Gained mutation: You have sharp toenails. [potion of
                  | mutation]
 26953 | Slime:5  | Gained mutation: You expend magic power (3 MP) to
                  | strengthen your wands. [potion of mutation]
 26953 | Slime:5  | Gained mutation: You are partially covered in iridescent
                  | scales. (AC +2) [potion of mutation]
 26966 | Slime:5  | Found a viscous altar of Jiyva.
 26974 | Slime:5  | Found the +5 robe of Night {Dark Will+ SInv}
 27082 | Slime:5  | Killed the Royal Jelly
 27107 | Slime:5  | Got Myquw's Writings on Fire
 27131 | Slime:5  | Got a slimy rune of Zot
 27161 | Slime:5  | Identified the ring of Spring {Will+ Str+6 Dex+4 Slay+3}
 27195 | Slime:5  | Identified the ring "Poplostol" {Str+2 Dex+6}
 27214 | Slime:5  | Identified the +6 great mace "Naruci Niem" {vorpal, rCorr
                  | Int+3}
 27784 | Vaults:2 | Reached XP level 24. HP: 183/183 MP: 29/29
 27932 | Vaults:5 | Entered Level 5 of the Vaults
 28061 | Vaults:4 | Reached skill level 1 in Long Blades
 28394 | Vaults:4 | Gained mutation: You occasionally lose the ability to drink
                  | potions when taking damage. [hidden defects]
 28912 | Vaults:5 | Noticed an ancient lich
 28917 | Vaults:5 | Killed an ancient lich
 28918 | Vaults:5 | Reached skill level 5 in Long Blades
 28929 | Vaults:5 | Gained mutation: You are dopey. (Int -2) [hidden defects]
 28929 | Vaults:5 | Lost mutation: You have hidden genetic defects. [hidden
                  | defects expressed]
 28983 | Vaults:5 | Lost mutation: You are partially covered in iridescent
                  | scales. (AC +2) [potion of mutation]
 28983 | Vaults:5 | Lost mutation: You have sharp toenails. [potion of
                  | mutation]
 28983 | Vaults:5 | Gained mutation: You are frail. (-10% HP) [potion of
                  | mutation]
 28983 | Vaults:5 | Gained mutation: Your flesh is heat resistant. (rF+)
                  | [potion of mutation]
 28984 | Vaults:5 | Lost mutation: You expend magic power (3 MP) to strengthen
                  | your wands. [potion of mutation]
 28984 | Vaults:5 | Lost mutation: You are frail. (-10% HP) [potion of
                  | mutation]
 28984 | Vaults:5 | Lost mutation: You are dopey. (Int -2) [potion of mutation]
 28984 | Vaults:5 | Gained mutation: You are partially covered in iridescent
                  | scales. (AC +2) [potion of mutation]
 28984 | Vaults:5 | Gained mutation: You are mostly covered in iridescent
                  | scales. (AC +4) [potion of mutation]
 28985 | Vaults:5 | Lost mutation: Your flesh is heat resistant. (rF+) [potion
                  | of mutation]
 28985 | Vaults:5 | Lost mutation: You occasionally lose the ability to drink
                  | potions when taking damage. [potion of mutation]
 28985 | Vaults:5 | Gained mutation: Your mind is acute. (Int +4, Str/Dex -1)
                  | [potion of mutation]
 28985 | Vaults:5 | Gained mutation: You are frail. (-10% HP) [potion of
                  | mutation]
 28985 | Vaults:5 | Gained mutation: Your flesh is heat resistant. (rF+)
                  | [potion of mutation]
 29069 | Vaults:5 | Noticed a golden dragon
 29073 | Vaults:5 | Killed a golden dragon
 29156 | Vaults:5 | Got a silver rune of Zot
 29168 | Vaults:5 | Identified the +0 ring mail "Lyxtuemn" {rElec rPois Int-5}
 29176 | Vaults:5 | Identified the +2 ring mail of Instinct {-Tele rF+++ Str+2
                  | Dex+2}
 29198 | Vaults:5 | Noticed a dread lich
 29203 | Vaults:5 | Killed a dread lich
 29254 | Vaults:5 | Reached skill level 10 in Long Blades
 29320 | Vaults:5 | Reached XP level 25. HP: 123/168 MP: 19/29
 29349 | Vaults:5 | Noticed an ancient lich
 29354 | Vaults:5 | Killed an ancient lich
 29403 | Vaults:5 | Identified the ring "Wifree" {Contam rF+ Will+ rCorr}
 29406 | Vaults:5 | Identified the +1 pair of boots of the Echidna {rPois rC+}
 29427 | Vaults:5 | Identified the +2 ring mail of Apups {Int+5}
 29487 | Vaults:5 | Noticed a dread lich
 29487 | Vaults:5 | Noticed an ancient lich
 29491 | Vaults:5 | Killed a dread lich
 29493 | Vaults:5 | Killed an ancient lich
 29887 | Depths:2 | Found a one-way gate leading to the halls of Pandemonium.
 30273 | Depths:3 | Voluntarily entered the Abyss.
 30478 | Abyss:1  | Found a stormy altar of Qazlal.
 30943 | Abyss:2  | Found a corrupted altar of Lugonu.
 30948 | Abyss:2  | Found a corrupted altar of Lugonu.
 30948 | Abyss:2  | Found a corrupted altar of Lugonu.
 31363 | Abyss:3  | Got an abyssal rune of Zot
 31391 | Depths:3 | Escaped the Abyss
 31434 | Zot:1    | Entered Level 1 of the Realm of Zot
 31458 | Zot:1    | Reached XP level 26. HP: 174/174 MP: 29/29
 31517 | Zot:1    | Killed from afar by a shadow dragon

Illustrated notes

Levels and vault maps discovered:
D:1:      dpeg_arrival_round_b, layout_basic,
          shapermc_ecumenical_altar_acropolis, bh_walls_and_bars
D:2:      layout_rooms, serial_shops, shop
D:3:      layout_basic, tgw_trog
D:4:      layout_cave_pods, serial_shops, nicolae_shop_trees, shop, shop, shop,
          gammafunk_ghost_smash, uniq_sigmund, uniq_ijyb
D:5:      layout_loops_cross, nicolae_ossuary_entry_plus, uniq_grinder
D:6:      layout_loops_ring, gammafunk_temple_overflow_elements, serial_shops,
          shop, minmay_tree_intersection, amcnicky_mini_pool_small,
          serial_bayou_lagoon_a, minmay_stone_trees_medium,
          nicolae_lava_and_water, uniq_eustachio
D:7:      layout_basic, nicolae_uskayaw_murder_on_the_dancefloor,
          minmay_temple_entry_waves, uniq_duvessa
D:8:      layout_cave_pools, kennysheep_mini_moat, david_lair_shrubbed,
          uniq_pikel
D:9:      layout_roguey, kennysheep_island_fort, uniq_harold
D:10:     layout_roguey
D:11:     layout_stronghold, orc_0_dummy, serial_co_window_serial,
          co_window_paths_a, co_window_corner_a, co_window_of_opportunity_a,
          co_window_corner_a, co_window_paths_a, co_window_paths_c,
          co_window_2corner, co_window_corner_cb, co_window_broadway_c,
          co_window_broadway_b
D:12:     layout_basic
D:13:     layout_basic, serial_shops, nicolae_shop_crystal,
          nicolae_shop_bloodbath_and_beyond, shop, shop, nicolae_square_shop,
          due_unseen_surprise
D:14:     layout_roguey, hangedman_vaults_entry_quadrant_bands, serial_shops,
          shop, nicolae_diamond_shop, nicolae_shop_behind_doors,
          minmay_misc_feat_roman
D:15:     hangedman_depths_entry_try_elsewhere_first, layout_loops_corners,
          gauntlet_entry_generic, serial_park_tiny_pond, uniq_jorgrun
Temple:   bh_familiar_temple
Lair:1:   layout_loops_ring, fungi_pond_lemuel, hangedman_lair_generics_rect,
          grunt_megastairs_4, serial_bayou_shore_b
Lair:2:   layout_cave_pods, minmay_snake_entry_guardpost_medium,
          grunt_megastairs_2, lemuel_fruit_fields, uniq_gastronok
Lair:3:   layout_small_grid, shoals_dummy_entry, minivault_26
Lair:4:   layout_regular_city, uniq_rupert
Lair:5:   hangedman_lair_tendril_chambers, layout_regular_city,
          dpeg_slime_entry_enclosed, guppyfry_lair_drakes
Shoals:1: layout_shoals, nicolae_shop_gadgets
Shoals:2: layout_shoals
Shoals:3: layout_shoals, nicolae_shoals_drake_roost, uniq_ilsuiw
Shoals:4: shoals_end_hellmonk_storm_palace [storm_palace_center_ruins,
          storm_palace_corner_narrow, storm_palace_corner_altar,
          storm_palace_corner_altar, storm_palace_corner_pillars]
Snake:1:  layout_layer_cave, gammafunk_ghost_necromancy
Snake:2:  layout_misc_corridors, minmay_shoptagon
Snake:3:  layout_onion, nicolae_triple_integral, uniq_aizul
Snake:4:  snake_pit_salamanders_mu, layout_rooms, serial_shops, shop,
          serial_bayou_shore_b, uniq_donald
Slime:1:  layout_caves
Slime:2:  layout_caves
Slime:3:  layout_caves, dissolution_awaits
Slime:4:  layout_caves, basic_altar
Slime:5
Orc:1:    layout_caves, serial_shops, mines1_david, uniq_josephine
Orc:2:    st_orc_elflike, layout_caves, basic_altar
Elf:1:    eino_elf_arrival_sip, layout_geoelf_diagonals,
          hangedman_corner_corridor, uniq_frances
Elf:2:    nicolae_elf_blades_splatter_lattice [nicolae_blade_entry_antechamber],
          layout_onion_city, uniq_agnes
Elf:3:    elf_hall, layout_geoelf_grid, serial_shops, bzr_entry_customers,
          hangedman_elven_ridges
Vaults:1: vaults_room_fours, hangedman_vaults_slice,
          nicolae_vaults_mini_display_case, vaults_room_grunt_arrival_ludios,
          vaults_room_ringed_pool, ontoclasm_vaults_eye,
          nicolae_vaults_windows_and_doors_thing, nicolae_vaults_rhombus_5,
          layout_vaults_quadrants, enter_trove_3
Vaults:2: hangedman_vaults_hat, nicolae_vaults_twisting_passages,
          ontoclasm_vaults_hangar, v_misc_10, v_alt_pattern_5, v_misc_8,
          v_rooms_1, nicolae_vaults_border_crossing, vaults_room_pools,
          vaults_room_pools, layout_vaults_big_room, uniq_frederick
Vaults:3: v_misc_5, minmay_crypt_entry_simple_sparse, grunt_vaults_trifunnel,
          hangedman_vaults_slither, v_pattern_3, nicolae_vaults_statue_guard,
          ontoclasm_vaults_fault, ontoclasm_vaults_pinch,
          ontoclasm_vaults_loading_screen, vaults_room_door_ring, v_misc_2,
          nicolae_vaults_shelves_hall, layout_vaults_big_cross, uniq_xtahua,
          uniq_asterion, uniq_nikola
Vaults:4: ontoclasm_vaults_ligature, v_pattern_5, vaults_dpeg_doors,
          nicolae_vaults_shelves_hall, nicolae_vaults_network_s, st_eye,
          nicolae_vaults_specimen_jars, vaults_room_pools,
          vaults_room_stairs_pillars, hangedman_vaults_locks,
          hangedman_vaults_corner, hangedman_vaults_trim,
          nicolae_vaults_puzzle_piece, vaults_dpeg_ring,
          layout_vaults_maze_snakey
Vaults:5: serial_shops
Depths:1: layout_gridlike, hell_entry, nicolae_gozag_seed_capital,
          kennysheep_generic_room_11
Depths:2: minmay_gate_of_8, layout_cross, rand_demon_pan_entry_9,
          minmay_misc_feat_more_columns, hell_entry, chequers_big_river,
          minmay_staircase_windowed_small
Depths:3: thingy_vault, layout_small_grid, enter_ziggurat_a, dk_noncrumbling_4,
          grunt_mini_vestibule, abyss_entry
Depths:4: grunt_zot_entry_bicorn, layout_long_grid, grunt_pan_entry_zigzag,
          minmay_door_square, hangedman_coc_ice_floe,
          grunt_dithmenos_smoke_and_mirrors, minmay_shop_grove
Zot:1:    dreamdust_zin_vs_xom, layout_cathedral_of_symmetry, st_stairs_1,
          lemuel_flame_loot_1

Skill      XL: |  1  2  3  4  5  6  7  8  9 10 11 12 13 14 15 16 17 18 19 20 21 22 23 24 25 26 |
---------------+-------------------------------------------------------------------------------+-----
Fighting       | 2 3 4 6 7 9 10 11 12 13 14 15 17 18 20 | 20.0
Stealth        | 1 2 3 5 7 8 |  8.0
Armour         | 1 2 4 6 8 10 11 13 14 15 16 19 20 21 | 21.0
Ranged Weapons | 3 4 5 7 8 10 11 12 14 16 17 18 20 21 | 21.0
Dodging        | 2 3 4 5 6 7 10 11 13 15 16 | 16.3
Evocations     | 3 4 6 7 8 |  8.0
Throwing       | 1 2 |  2.0
Hexes          | 4 5 6 8 10 | 10.0
Shields        | 3 6 9 10 13 15 17 18 19 20 21 | 21.0
Translocations | 1 |  1.0
Spellcasting   | 2 3 4 |  4.0
Transmutations | 1 2 |  2.0
Invocations    | 2 4 5 6 8 |  8.0
Long Blades    | 10 | 10.0

Action                   |  1- 3 |  4- 6 |  7- 9 | 10-12 | 13-15 | 16-18 | 19-21 | 22-24 | 25-27 || total
-------------------------+-------+-------+-------+-------+-------+-------+-------+-------+-------++-------
Melee: Whip              |    22 |       |       |       |       |       |       |       |       ||    22
       Dagger            |     8 |       |    52 |   106 |       |       |       |       |       ||   166
       Punch             |     1 |       |     2 |     1 |       |       |       |       |       ||     4
       Spear             |       |    66 |    10 |       |       |       |       |       |       ||    76
       Hand axe          |       |       |   181 |       |       |       |       |       |       ||   181
       War axe           |       |       |       |    17 |       |       |       |       |       ||    17
       Long sword        |       |       |       |    45 |   313 |   157 |    46 |    84 |     6 ||   651
 Fire: Sling             |    79 |    90 |   168 |   330 |    45 |       |       |       |       ||   712
       Arbalest          |       |       |       |       |   330 |   505 |   506 |   578 |   291 ||  2210
Throw: Dart              |       |     5 |    14 |    10 |     7 |     1 |     1 |       |       ||    38
       Throwing net      |       |       |     2 |     1 |       |       |       |     1 |       ||     4
 Cast: Inner Flame       |       |       |       |     3 |     4 |       |       |       |       ||     7
       Slow              |       |       |       |     1 |       |       |       |       |       ||     1
       Wereblood         |       |       |       |       |     1 |       |       |       |       ||     1
       Portal Projectile |       |       |       |       |     1 |     2 |     8 |     8 |     4 ||    23
       Summon Guardian G |       |       |       |       |       |       |       |     3 |       ||     3
Invok: Recall Ancestor   |       |       |       |     5 |     6 |     3 |     5 |     1 |     4 ||    24
       Ancestor Life: Ba |       |       |       |     1 |       |       |       |       |       ||     1
       Idealise          |       |       |       |       |     3 |     1 |     3 |     4 |       ||    11
 Abil: Dig               |       |       |       |     4 |     8 |     6 |     4 |       |     4 ||    26
Evoke: Wand              |       |     1 |     3 |    19 |    21 |     7 |     1 |     4 |     5 ||    61
       Lightning rod     |       |       |       |       |     6 |     6 |     2 |       |       ||    14
       Phantom mirror    |       |       |       |       |       |     2 |       |     1 |       ||     3
       Box of beasts     |       |       |       |       |       |     1 |       |       |       ||     1
  Use: Potion            |       |     3 |       |     3 |     5 |     4 |     3 |     8 |       ||    26
       Scroll            |       |     1 |       |    19 |    12 |     4 |     5 |    10 |       ||    51
 Stab: Invisible         |       |     1 |       |     7 |       |       |       |       |       ||     8
       Distracted        |       |       |       |     3 |    10 |     3 |       |       |       ||    16
       Sleeping          |       |       |       |     1 |     1 |       |     1 |       |       ||     3
       Held in net/web   |       |       |       |       |     1 |       |       |       |       ||     1
Armor: Robe              |    10 |    16 |    70 |    20 |       |       |       |       |       ||   116
       Acid dragon scale |       |       |       |       |   107 |    47 |    16 |       |       ||   170
       Ring mail         |       |       |       |       |       |       |     6 |    35 |     5 ||    46
Dodge: Dodged            |    33 |    44 |   173 |   140 |   260 |   192 |   103 |   106 |    45 ||  1096
Block: Other             |    13 |    17 |    65 |    21 |       |       |       |       |       ||   116
       Reflection        |       |       |     1 |     1 |    20 |    53 |    50 |    28 |     5 ||   158
       Buckler           |       |       |       |    32 |       |       |       |       |       ||    32
       Kite shield       |       |       |       |    37 |   444 |   203 |       |       |       ||   684
       Tower shield      |       |       |       |       |       |   169 |   257 |   347 |    89 ||   862
